[Event "Titled Tuesday Blitz February 22 Early 2022"]
[White "Palu, Andres"]
[Black "Toncheva, Nadya"]
[WhiteFideId "119288"]
[BlackFideId "2924056"]
[WhiteElo "2050"]
[BlackElo "1920"]
[Result "1-0"]
[Round "04"]
[TimeControl "180+1"]
[Date "2022.02.22"]
[WhiteClock "0:00:28"]
[BlackClock "0:00:05"]

1. e4 d5 2. exd5 Qxd5 3. Nc3 Qa5 4. d4 c6 5. Bc4 Nf6 6. Nf3 Bg4 7. h3 Bh5 8. g4 Bg6 9. Bd2 Qc7 10. Qe2 e6 11. Ne5 Nbd7 12. h4 Bd6 13. h5 Bxc2 14. Nxf7 O-O 15. Nxd6 Qxd6 16. Qxe6+ Qxe6+ 17. Bxe6+ Kh8 18. Be3 Rae8 19. Bxd7 Nxd7 20. Kd2 Be4 21. Nxe4 Rxe4 22. h6 g6 23. g5 Nb6 24. Kd3 Re7 25. a4 Nd5 26. Rh3 Rf4 27. a5 a6 28. Rah1 Rg4 29. Re1 Nf4+ 30. Bxf4 Rxe1 31. Be5+ Kg8 32. Rf3 Rxg5 33. Rf6 Rf5 34. Rd6 Rfxe5 35. dxe5 Rd1+ 36. Kc4 Re1 37. Rd8+ Kf7 38. Rd7+ Ke6 39. Rxh7 Rxe5 40. Rxb7 Rxa5 41. h7 Rh5 42. Kd4 Kd6 43. Ke4 Rh4+ 44. Kf3 Ke5 45. Kg3 Rh5 46. f4+ Kd4 47. Kg4 Rh1 48. Kg5 Ke4 49. Rf7 Rg1+ 50. Kh6 Rh1+ 51. Kg7 g5 52. fxg5 1-0


[Site "https://www.chess.com"]

[Event "Titled Tuesday Blitz February 22 Early 2022"]
[White "Papasimakopoulos, Alexandros"]
[Black "Makhnev, Denis"]
[WhiteFideId "4244125"]
[BlackFideId "13707647"]
[WhiteElo "2340"]
[BlackElo "2491"]
[Result "0-1"]
[Round "04"]
[TimeControl "180+1"]
[Date "2022.02.22"]
[WhiteClock "0:00:07"]
[BlackClock "0:00:06"]

1. d4 Nf6 2. c4 e6 3. Nc3 Bb4 4. Qc2 d5 5. cxd5 Qxd5 6. Nf3 Qf5 7. Qxf5 exf5 8. a3 Bd6 9. Nb5 Be6 10. Nxd6+ cxd6 11. Bf4 Kd7 12. e3 Nc6 13. Bd3 h6 14. h4 Rac8 15. Ke2 Rhe8 16. Rhc1 Nd5 17. Bh2 f4 18. e4 Bf5 19. Ne5+ dxe5 20. exf5 Nxd4+ 21. Kf1 Rxc1+ 22. Rxc1 Rc8 23. Rd1 Kd6 24. g3 Ke7 25. gxf4 Nxf4 26. Be4 Nc6 27. Bxf4 exf4 28. Kg2 Ne5 29. Rd5 f6 30. Rd4 b6 31. Bb7 Rc4 32. Rd2 f3+ 33. Bxf3 Rxh4 34. Bd5 Rf4 35. Be6 g5 36. Rc2 Kd6 37. Rd2+ Kc6 38. Rc2+ Kb7 39. b4 b5 40. Rc8 Ng4 41. f3 Ne3+ 42. Kg3 Nxf5+ 43. Kf2 Nd4 44. Bd7 Rxf3+ 45. Kg2 Rxa3 46. Rf8 Rf3 47. Rf7 Kb6 48. Rf8 Rf4 49. Be8 a5 50. bxa5+ Kxa5 51. Rf7 Kb4 52. Rb7 h5 53. Bxh5 Kc3 54. Bf7 b4 55. Rc7+ Kd2 56. Rc4 Ne2 57. Rc6 Nc3 58. Rb6 Ke3 59. Kg3 Ne2+ 60. Kg2 g4 61. Bd5 g3 62. Re6+ Kd2 63. Bc6 Rf2+ 64. Kh3 Rh2+ 65. Kg4 g2 66. Bxg2 Rxg2+ 67. Kf3 Nd4+ 68. Kxg2 Nxe6 0-1


[Site "https://www.chess.com"]

[Event "Titled Tuesday Blitz February 22 Early 2022"]
[White "Papp, Petra"]
[Black "Leiva, Gianmarco"]
[WhiteFideId "739049"]
[BlackFideId "3804399"]
[WhiteElo "2259"]
[BlackElo "2328"]
[Result "1-0"]
[Round "04"]
[TimeControl "180+1"]
[Date "2022.02.22"]
[WhiteClock "0:00:25"]
[BlackClock "0:00:53"]

1. e4 c5 2. Nf3 d6 3. Bb5+ Nd7 4. a4 a6 5. Be2 Ngf6 6. Nc3 g6 7. d4 cxd4 8. Nxd4 Bg7 9. O-O O-O 10. Be3 Ne5 11. h3 Be6 12. Nxe6 fxe6 13. f4 Nc6 14. Bc4 Qd7 15. f5 gxf5 16. exf5 Nd8 17. fxe6 Qc6 18. Bb3 Rb8 19. Bd4 b5 20. axb5 axb5 21. Kh1 Nb7 22. Rf5 Nc5 23. Nd5 Nxd5 24. Bxd5 Qe8 25. Rf7 Bxd4 26. Qxd4 Nxe6 27. Rxf8+ Kxf8 28. Rf1+ 1-0


[Site "https://www.chess.com"]

[Event "Titled Tuesday Blitz February 22 Early 2022"]
[White "Perez Ponsa, Federico"]
[Black "Papp, Levente"]
[WhiteFideId "117927"]
[BlackFideId "751243"]
[WhiteElo "2672"]
[BlackElo "2308"]
[Result "1-0"]
[Round "04"]
[TimeControl "180+1"]
[Date "2022.02.22"]
[WhiteClock "0:01:12"]
[BlackClock "0:00:11"]

1. d4 e6 2. Nf3 Nf6 3. c4 d5 4. g3 Bb4+ 5. Bd2 Be7 6. Bg2 O-O 7. O-O Ne4 8. Bf4 Nd7 9. Nc3 Nxc3 10. bxc3 c6 11. cxd5 exd5 12. Nd2 g5 13. Be3 f5 14. f4 g4 15. c4 Nf6 16. Qc2 Be6 17. Rab1 Qd7 18. c5 h5 19. Nb3 Rab8 20. Nc1 h4 21. Nd3 hxg3 22. hxg3 Ne4 23. Ne5 Qe8 24. Bxe4 fxe4 25. Kg2 Kg7 26. Qd2 Bf5 27. Qa5 Rh8 28. Qc7 Kf6 29. Rh1 Rh3 30. Rxh3 gxh3+ 31. Kh2 Rc8 32. Qxb7 Qh5 33. Rb2 Be6 34. Nd7+ Bxd7 35. Qxd7 Rb8 36. g4 1-0


[Site "https://www.chess.com"]

[Event "Titled Tuesday Blitz February 22 Early 2022"]
[White "Pesotskiy, Mikhail"]
[Black "Magallanes, Rey Jomar"]
[WhiteFideId "34164453"]
[BlackFideId "5205948"]
[WhiteElo "2010"]
[BlackElo "2229"]
[Result "1-0"]
[Round "04"]
[TimeControl "180+1"]
[Date "2022.02.22"]
[WhiteClock "0:02:41"]
[BlackClock "0:01:43"]

1. d4 d5 2. c4 e6 3. Nc3 Nf6 4. cxd5 exd5 5. Bg5 Be7 6. e3 h6 7. Bh4 Nc6 8. Bd3 Be6 9. h3 Qd7 10. a3 Ne4 11. Bxe7 Nxc3 12. bxc3 Qxe7 13. Nf3 O-O-O 14. Qa4 g5 15. Rb1 h5 16. Bb5 g4 17. Bxc6 bxc6 18. Ne5 Rd6 19. Qa6+ Kd8 20. Rb8+ Bc8 21. Qxc8# 1-0


[Site "https://www.chess.com"]

[Event "Titled Tuesday Blitz February 22 Early 2022"]
[White "Piesik, Piotr"]
[Black "Maze, Sebastien"]
[WhiteFideId "1136194"]
[BlackFideId "613762"]
[WhiteElo "2232"]
[BlackElo "2462"]
[Result "0-1"]
[Round "04"]
[TimeControl "180+1"]
[Date "2022.02.22"]
[WhiteClock "0:01:51"]
[BlackClock "0:01:42"]

1. Nf3 Nf6 2. g3 g6 3. Bg2 Bg7 4. O-O O-O 5. d4 d6 6. Nbd2 d5 7. c4 c6 8. Qb3 a5 9. Rd1 b5 10. cxb5 cxb5 11. Ne5 e6 12. Ndf3 Ne4 13. Bf4 Ba6 14. Rac1 b4 15. Bf1 Qb6 16. Nd3 Bc4 17. Qc2 b3 18. axb3 Bxb3 19. Qb1 Bxd1 20. Rxd1 Nc6 21. e3 Nb4 22. Be5 f6 0-1


[Site "https://www.chess.com"]

[Event "Titled Tuesday Blitz February 22 Early 2022"]
[White "Piliczewski, Bogusz"]
[Black "Sanchez, Robert"]
[WhiteFideId "1104144"]
[BlackFideId "2034360"]
[WhiteElo "1896"]
[BlackElo "2283"]
[Result "1-0"]
[Round "04"]
[TimeControl "180+1"]
[Date "2022.02.22"]
[WhiteClock "0:00:16"]
[BlackClock "0:00:03"]

1. d4 d5 2. Nf3 e6 3. Bf4 Nf6 4. e3 c5 5. c3 Nc6 6. Nbd2 Bd6 7. Bg3 Qc7 8. Bd3 cxd4 9. exd4 Nh5 10. O-O Nxg3 11. hxg3 h5 12. Qe2 g5 13. Nxg5 h4 14. g4 Bf4 15. Nh3 Bd6 16. f4 Bd7 17. Rac1 O-O-O 18. Qe3 Rdg8 19. Be2 Ne7 20. c4 Kb8 21. cxd5 Qb6 22. dxe6 Bxe6 23. b3 Nd5 24. Qd3 Bxg4 25. Bxg4 Rxg4 26. Nc4 Qa6 27. Qf5 Rhg8 28. Qxd5 Rxg2+ 29. Qxg2 Rxg2+ 30. Kxg2 Qxa2+ 31. Rf2 Qxb3 32. Nxd6 Qd5+ 33. Kh2 Qxd6 34. Ng5 a5 35. Rd1 f6 36. Ne4 Qe6 37. Re2 Qg4 38. Re3 Qxf4+ 39. Kg2 Qxe3 40. Nf2 Qg3+ 41. Kf1 a4 42. Rd3 1-0


[Site "https://www.chess.com"]

[Event "Titled Tuesday Blitz February 22 Early 2022"]
[White "Pires, Marcos Vinicius Torsani"]
[Black "Mirzanurov, Bulat"]
[WhiteFideId "2118939"]
[BlackFideId "4184521"]
[WhiteElo "2273"]
[BlackElo "2116"]
[Result "1-0"]
[Round "04"]
[TimeControl "180+1"]
[Date "2022.02.22"]
[WhiteClock "0:01:28"]
[BlackClock "0:01:11"]

1. e4 c5 2. c3 d6 3. d4 Nf6 4. Bd3 cxd4 5. cxd4 e5 6. Nf3 Nc6 7. h3 Be7 8. O-O O-O 9. d5 Nb8 10. Nc3 Nbd7 11. Be3 a6 12. a4 Nc5 13. Bxc5 dxc5 14. Nxe5 Bd6 15. Nc4 Re8 16. a5 Qc7 17. Nxd6 Qxd6 18. f4 c4 19. Bc2 Qc5+ 20. Kh2 Nd7 21. e5 f6 22. Bxh7+ Kf8 23. e6 Nb8 24. Qh5 Re7 25. Bg6 1-0


[Site "https://www.chess.com"]

[Event "Titled Tuesday Blitz February 22 Early 2022"]
[White "Ponkratov, Pavel"]
[Black "Andreikin, Dmitry"]
[WhiteFideId "4157800"]
[BlackFideId "4158814"]
[WhiteElo "2487"]
[BlackElo "2736"]
[Result "1-0"]
[Round "04"]
[TimeControl "180+1"]
[Date "2022.02.22"]
[WhiteClock "0:00:11"]
[BlackClock "0:00:02"]

1. d4 Nf6 2. c4 e6 3. Nc3 d5 4. cxd5 exd5 5. Bg5 c6 6. e3 Bf5 7. Qf3 Bg6 8. Bxf6 Qxf6 9. Qxf6 gxf6 10. Nf3 Nd7 11. Nh4 Be7 12. Ne2 f5 13. Nf3 Bb4+ 14. Kd1 Nf6 15. Nf4 Ne4 16. Nd3 Bd6 17. Rc1 Rg8 18. Be2 a5 19. g3 a4 20. Nfe5 Be7 21. f3 Nd6 22. Nc5 Ra5 23. Kd2 f6 24. Nxb7 Nxb7 25. Nxc6 Bd8 26. Nxa5 Bxa5+ 27. Kd1 Ke7 28. Bb5 Nd6 29. Bxa4 Nc4 30. Ke2 f4 31. e4 Bf7 32. b3 Nd6 33. Bc6 fxg3 34. hxg3 Rxg3 35. Rcg1 Rxg1 36. Rxg1 dxe4 37. fxe4 Bg6 38. Kf3 Bb6 39. Ke3 f5 40. e5 f4+ 41. Kxf4 Nf5 42. Rh1 Nxd4 43. Bd5 Ne2+ 44. Kf3 Nc3 45. Bc6 Nxa2 46. Be4 Bf7 47. Rxh7 Kf8 48. Rh6 Bd4 49. e6 Be8 50. Bd5 Nc3 51. Bc4 Bg7 52. Rh4 Bc6+ 53. Ke3 Ne4 54. Rf4+ Ke7 55. Rxe4 Bxe4 56. Kxe4 Kd6 57. Kf5 Bf8 58. Kf6 Be7+ 59. Kf7 Bh4 60. b4 Bg5 61. Be2 1-0


[Site "https://www.chess.com"]

[Event "Titled Tuesday Blitz February 22 Early 2022"]
[White "Poormosavi, Seyed Kian"]
[Black "Lou, Yiping"]
[WhiteFideId "12585807"]
[BlackFideId "8603928"]
[WhiteElo "2553"]
[BlackElo "2809"]
[Result "1-0"]
[Round "04"]
[TimeControl "180+1"]
[Date "2022.02.22"]
[WhiteClock "0:01:12"]
[BlackClock "0:00:01"]

1. e4 c5 2. Nf3 d6 3. c3 Nf6 4. Bd3 Bg4 5. O-O Nc6 6. h3 Bh5 7. g4 Bg6 8. Qe2 e6 9. Bc2 d5 10. d3 Be7 11. Nbd2 Qc7 12. Re1 dxe4 13. dxe4 O-O-O 14. a4 h5 15. g5 Nd7 16. Nc4 f6 17. e5 Bxc2 18. Qxc2 Ndxe5 19. Nfxe5 Nxe5 20. Nxe5 fxe5 21. h4 Kb8 22. Be3 Qc6 23. Qg6 Qf3 24. Qxe6 Bd6 25. Rad1 Rhe8 26. Qd5 e4 27. Kf1 Qh3+ 28. Ke2 Qg4+ 29. Kf1 Qxh4 30. Qf5 Rf8 31. Qe6 Qh1+ 32. Ke2 Qf3+ 33. Kd2 Bf4+ 34. Kc2 Bxe3 35. fxe3 h4 36. Qe7 Rc8 37. Rd7 Qf2+ 38. Kb3 c4+ 39. Ka2 Ka8 40. Rxb7 Qc2 41. Rxa7+ 1-0


[Site "https://www.chess.com"]

[Event "Titled Tuesday Blitz February 22 Early 2022"]
[White "Prieto Aranguren, Alain"]
[Black "Markelova, Lubov"]
[WhiteFideId "2268906"]
[BlackFideId "24131369"]
[WhiteElo "2235"]
[BlackElo "1820"]
[Result "0-1"]
[Round "04"]
[TimeControl "180+1"]
[Date "2022.02.22"]
[WhiteClock "0:00:56"]
[BlackClock "0:00:55"]

1. e4 e6 2. d4 d5 3. exd5 exd5 4. Bd3 Nf6 5. Nf3 Bd6 6. O-O O-O 7. Bg5 h6 8. Bh4 Bg4 9. c3 Nbd7 10. Nbd2 c6 11. Bg3 Bxg3 12. hxg3 Re8 13. Qc2 Bxf3 14. Nxf3 Ne4 15. Rae1 f5 16. Re3 Qf6 17. Rfe1 Re7 18. Nd2 Rae8 19. Qd1 Qg5 20. Qe2 Nxg3 21. Rxe7 Nxe2+ 22. R7xe2 Rxe2 23. Rxe2 Nf6 24. g3 Ne4 25. Nf3 Qc1+ 26. Kg2 Qd1 27. Ne5 a5 28. f3 Nd6 29. g4 Qc1 30. gxf5 Qg5+ 31. Kf2 Nxf5 32. Bxf5 Qxf5 33. Ng4 h5 34. Ne3 Qg5 35. Ng2 h4 36. Re5 Qg3+ 37. Kf1 h3 38. Ne1 h2 39. Rh5 Qg1+ 40. Ke2 h1=Q 41. Rxh1 Qxh1 42. Nd3 Qg2+ 43. Ke3 Qc2 44. f4 a4 45. f5 a3 46. bxa3 Qxc3 0-1


[Site "https://www.chess.com"]

[Event "Titled Tuesday Blitz February 22 Early 2022"]
[White "Pultinevicius, Paulius"]
[Black "Tari, Aryan"]
[WhiteFideId "12809390"]
[BlackFideId "1510045"]
[WhiteElo "2413"]
[BlackElo "2567"]
[Result "0-1"]
[Round "04"]
[TimeControl "180+1"]
[Date "2022.02.22"]
[WhiteClock "0:00:02"]
[BlackClock "0:00:03"]

1. d4 d5 2. c4 e6 3. Nf3 Nf6 4. g3 Bd6 5. Bg2 O-O 6. c5 Be7 7. O-O b6 8. cxb6 axb6 9. Nc3 c5 10. Bf4 Nc6 11. Rc1 Ba6 12. Re1 cxd4 13. Nxd4 Nxd4 14. Qxd4 Bc5 15. Qd2 Ng4 16. Nd1 Bb7 17. h3 Nf6 18. Nc3 Qe7 19. Be5 Nd7 20. Bd4 h6 21. Rcd1 Rfd8 22. a3 Bxd4 23. Qxd4 Nc5 24. Qb4 Qc7 25. Rc1 d4 26. Nb5 Qe5 27. Bxb7 Nxb7 28. Nc7 Rac8 29. Qxb6 Nd6 30. Rc5 Qe4 31. Qa6 Nf5 32. Rec1 d3 33. exd3 Qf3 34. Nxe6 Rxc5 35. Rxc5 Nxg3 36. fxg3 Qxg3+ 37. Kf1 Qxh3+ 38. Kf2 fxe6 39. Qc6 Rf8+ 40. Ke2 Qf1+ 41. Kd2 Rf2+ 42. Kc3 Qc1+ 43. Kb4 Qxb2+ 44. Ka4 Rf4+ 45. Rc4 Qc2+ 46. Kb5 Qxd3 47. Qxe6+ Kh7 48. a4 Qb3+ 49. Kc5 Qa3+ 50. Kb5 Qb2+ 51. Kc5 Qf2+ 52. Kb5 Rf5+ 53. Ka6 Rf6 0-1


[Site "https://www.chess.com"]

[Event "Titled Tuesday Blitz February 22 Early 2022"]
[White "Purtseladze, Maka"]
[Black "Karavaeva, Olga"]
[WhiteFideId "13602659"]
[BlackFideId "4124111"]
[WhiteElo "2192"]
[BlackElo "2105"]
[Result "1-0"]
[Round "04"]
[TimeControl "180+1"]
[Date "2022.02.22"]
[WhiteClock "0:00:07"]
[BlackClock "0:00:05"]

1. d4 d5 2. Nc3 c6 3. Bf4 Bf5 4. Qd2 Nf6 5. f3 h6 6. g4 Bh7 7. h4 Nbd7 8. O-O-O e6 9. e3 Be7 10. Nge2 a6 11. Ng3 c5 12. g5 Ng8 13. Bd3 cxd4 14. exd4 Bxd3 15. Qxd3 hxg5 16. hxg5 Rxh1 17. Rxh1 Bxg5 18. Qe3 Bxf4 19. Qxf4 Qf6 20. Qe3 O-O-O 21. f4 Nh6 22. Nh5 Qg6 23. Ng3 Nf5 24. Nxf5 Qxf5 25. Ne2 Nf6 26. Ng3 Qg4 27. b3 Kd7 28. Kb2 Rc8 29. Re1 g6 30. Qe5 Qxg3 31. Qxf6 Qc3+ 32. Ka3 Qxe1 33. Qxf7+ Kd8 34. Qf8+ Kc7 35. Qc5+ Kb8 36. Qd6+ Ka8 37. Qd7 Qa5+ 38. Kb2 Qc3+ 39. Ka3 Qxc2 40. Qxe6 Qc1+ 41. Ka4 Rc6 42. Qxd5 b5+ 43. Kb4 Qc3+ 44. Ka3 Qc1+ 45. Kb4 Kb7 46. Qd7+ Rc7 47. Qd5+ Qc6 48. Qe5 Qb6 49. Ka3 a5 50. Qd5+ Ka7 51. Qe5 b4+ 52. Kb2 1-0


[Site "https://www.chess.com"]

[Event "Titled Tuesday Blitz February 22 Early 2022"]
[White "Putri, Regita Desyari"]
[Black "Petrovic, Aleksa"]
[WhiteFideId "7109083"]
[BlackFideId "967629"]
[WhiteElo "1930"]
[BlackElo "2139"]
[Result "0-1"]
[Round "04"]
[TimeControl "180+1"]
[Date "2022.02.22"]
[WhiteClock "0:00:40"]
[BlackClock "0:00:45"]

1. d3 Nf6 2. c4 e5 3. Nf3 Nc6 4. g3 g6 5. Bg2 Bg7 6. O-O O-O 7. Nc3 Re8 8. e4 d6 9. h3 Nd7 10. Nh4 Nc5 11. a3 a5 12. Be3 Nd4 13. Rb1 a4 14. Ne2 Be6 15. Kh2 Qd7 16. Bxd4 exd4 17. f4 f5 18. exf5 Bxf5 19. Nxf5 Qxf5 20. Nc1 Re3 21. Rf3 Rae8 22. g4 Qf7 23. Rxe3 Rxe3 24. Bd5 Ne6 25. Qf1 c6 26. Bxe6 Qxe6 27. b3 axb3 28. Nxb3 Re2+ 29. Kh1 Qe3 30. Rd1 Rf2 0-1


[Site "https://www.chess.com"]

[Event "Titled Tuesday Blitz February 22 Early 2022"]
[White "Rangel, Daniel"]
[Black "Kuzmin, Roman"]
[WhiteFideId "2124475"]
[BlackFideId "44134932"]
[WhiteElo "2187"]
[BlackElo "1978"]
[Result "1-0"]
[Round "04"]
[TimeControl "180+1"]
[Date "2022.02.22"]
[WhiteClock "0:00:12"]
[BlackClock "0:00:05"]

1. b3 Nf6 2. Bb2 e6 3. g3 d5 4. Bg2 Be7 5. Nf3 O-O 6. O-O c5 7. d4 cxd4 8. Nxd4 Nc6 9. Nd2 Nxd4 10. Bxd4 Qc7 11. c4 e5 12. Bb2 d4 13. Ne4 Nxe4 14. Bxe4 Be6 15. Qd3 f5 16. Bd5 Bxd5 17. cxd5 Qc5 18. e3 Qxd5 19. exd4 Rad8 20. Rad1 e4 21. Qc4 Bf6 22. f3 exf3 23. Rxf3 b5 24. Qxd5+ Rxd5 25. Rfd3 Rc8 26. Rc3 Re8 27. Rcd3 b4 28. Kf2 Re4 29. Rc1 h5 30. Rc4 a5 31. Rd2 h4 32. Rc5 hxg3+ 33. hxg3 Bxd4+ 34. Bxd4 Rdxd4 35. Rxd4 Rxd4 36. Rxa5 g6 37. Ke3 Rg4 38. Kf3 Kg7 39. Ra4 Rd4 40. a3 Rd3+ 41. Kf4 Rxb3 42. axb4 Kf6 43. Ra6+ Kg7 44. Rb6 Kh6 45. g4 fxg4 46. Kxg4 Rb1 47. Kf4 Rf1+ 48. Ke3 Re1+ 49. Kd2 Rb1 50. b5 Kh5 51. Rb8 g5 52. b6 g4 53. b7 Kg5 54. Rg8+ Kh4 55. b8=Q Rxb8 56. Rxb8 Kh3 57. Ke1 g3 58. Kf1 Kg4 59. Kg2 Kf4 60. Rb4+ 1-0


[Site "https://www.chess.com"]

[Event "Titled Tuesday Blitz February 22 Early 2022"]
[White "Redzisz, Michal"]
[Black "Johnson, Ben"]
[WhiteFideId "21816107"]
[BlackFideId "2010917"]
[WhiteElo "1961"]
[BlackElo "2199"]
[Result "0-1"]
[Round "04"]
[TimeControl "180+1"]
[Date "2022.02.22"]
[WhiteClock "0:00:01"]
[BlackClock "0:00:15"]

1. d4 Nf6 2. Bg5 d5 3. Bxf6 exf6 4. e3 Bd6 5. Nd2 O-O 6. c4 c6 7. g3 Be6 8. c5 Bc7 9. Bg2 b6 10. b4 a5 11. a3 axb4 12. axb4 Rxa1 13. Qxa1 Qc8 14. Ne2 Qa6 15. Qb1 Nd7 16. Nc3 Rb8 17. b5 cxb5 18. c6 b4 19. Bf1 Qa5 20. Nb5 Rc8 21. Nb3 Qa4 22. cxd7 Bxd7 23. Nxc7 Rxc7 24. Be2 Rc3 25. Bd1 Qa6 26. Nd2 Qa5 27. O-O Bb5 28. Re1 Bd3 29. Qb2 Qa3 30. Qxa3 bxa3 31. Bb3 b5 32. Ra1 b4 33. f3 Bc4 34. Bxc4 dxc4 35. Kf2 Rc2 36. Ke1 a2 37. Kd1 Rb2 38. Nxc4 Rxh2 39. Nd2 Rh1+ 0-1


[Site "https://www.chess.com"]

[Event "Titled Tuesday Blitz February 22 Early 2022"]
[White "Rodchenkov, Vitaly"]
[Black "De Silva, L M S T"]
[WhiteFideId "4152964"]
[BlackFideId "9953698"]
[WhiteElo "2337"]
[BlackElo "1631"]
[Result "0-1"]
[Round "04"]
[TimeControl "180+1"]
[Date "2022.02.22"]
[WhiteClock "0:00:09"]
[BlackClock "0:01:12"]

1. Nf3 Nf6 2. c4 b6 3. b3 Bb7 4. Bb2 g6 5. Nc3 Bg7 6. g3 O-O 7. Bg2 Bxf3 8. Bxf3 c6 9. O-O d5 10. cxd5 cxd5 11. Rc1 e6 12. d3 Nc6 13. Qd2 Rc8 14. Bg2 Qd7 15. e3 d4 16. Nb5 dxe3 17. fxe3 Nh5 18. Bxg7 Nxg7 19. d4 Rfd8 20. Qf2 Nf5 21. Nc3 Nb4 22. Ne4 Qe7 23. Qe2 Nd5 24. Bh3 Ndxe3 25. Bxf5 Nxf5 26. g4 Nxd4 27. Qe3 e5 28. g5 Qe6 29. Nf6+ Kg7 30. Qe4 Qh3 31. Rxc8 Rxc8 32. Qxe5 Nf3+ 33. Rxf3 Rc1+ 34. Kf2 Rf1+ 35. Ke2 Qxf3+ 36. Kd2 Qd1+ 37. Kc3 Qa1+ 0-1


[Site "https://www.chess.com"]

[Event "Titled Tuesday Blitz February 22 Early 2022"]
[White "Roman, Rodrigo"]
[Black "Chincholimath, Halsagar"]
[WhiteFideId "3701220"]
[BlackFideId "5022487"]
[WhiteElo "2001"]
[BlackElo "1737"]
[Result "1-0"]
[Round "04"]
[TimeControl "180+1"]
[Date "2022.02.22"]
[WhiteClock "0:00:23"]
[BlackClock "0:00:01"]

1. e4 c6 2. Ke2 d5 3. exd5 cxd5 4. d4 Nf6 5. Nf3 Bg4 6. c3 e6 7. Bf4 Nc6 8. Qb3 Bd6 9. Qxb7 O-O 10. Qxc6 Bxf4 11. h3 Bh5 12. g4 Bg6 13. Nbd2 Rc8 14. Qa4 Qb6 15. Qb3 Qa6+ 16. Ke1 Bd3 17. Bxd3 Qxd3 18. Qd1 Rb8 19. Rb1 Ne4 20. Nxe4 Qxe4+ 21. Kf1 f5 22. Kg1 fxg4 23. hxg4 Bd6 24. Ng5 Qf4 25. Nh3 Qe4 26. Ng5 Qf4 27. Nh3 Qf6 28. Qe2 h6 29. Re1 Qg6 30. Qxe6+ Qxe6 31. Rxe6 Bc7 32. Re2 Rf3 33. Kg2 Rbf8 34. Rhe1 Kh7 35. Re7 Bd6 36. Rd7 Bb8 37. Ree7 Rg8 38. Rxd5 Rf6 39. g5 Rg6 40. Kf3 hxg5 41. Nxg5+ 1-0


[Site "https://www.chess.com"]

[Event "Titled Tuesday Blitz February 22 Early 2022"]
[White "Rudykh, Stepan"]
[Black "Danaci, Ege"]
[WhiteFideId "4180321"]
[BlackFideId "34506748"]
[WhiteElo "2118"]
[BlackElo "1799"]
[Result "1-0"]
[Round "04"]
[TimeControl "180+1"]
[Date "2022.02.22"]
[WhiteClock "0:00:20"]
[BlackClock "0:01:06"]

1. e4 c5 2. Nf3 e6 3. d4 cxd4 4. Nxd4 a6 5. Bd3 b5 6. O-O Bb7 7. a4 b4 8. Qe2 Nf6 9. Kh1 e5 10. Nf3 d6 11. Rd1 Nbd7 12. Bc4 Nxe4 13. Nbd2 Nxd2 14. Bxd2 Be7 15. Bxb4 Qb6 16. c3 a5 17. Ba3 O-O 18. Rd2 Nc5 19. Rad1 Ne4 20. Rc2 Rfd8 21. Nxe5 dxe5 22. Rxd8+ Rxd8 23. Bxe7 Nxf2+ 24. Qxf2 Rd1+ 25. Bf1 Ba6 26. Qxb6 1-0


[Site "https://www.chess.com"]

[Event "Titled Tuesday Blitz February 22 Early 2022"]
[White "Rustemov, Alexander"]
[Black "Wagner, Dinara"]
[WhiteFideId "4119002"]
[BlackFideId "24157570"]
[WhiteElo "2715"]
[BlackElo "2216"]
[Result "1-0"]
[Round "04"]
[TimeControl "180+1"]
[Date "2022.02.22"]
[WhiteClock "0:00:15"]
[BlackClock "0:00:05"]

1. d4 Nf6 2. c4 e6 3. Nf3 d5 4. Nc3 dxc4 5. e4 Bb4 6. Bg5 h6 7. Bxf6 Qxf6 8. Bxc4 c5 9. O-O cxd4 10. e5 Qd8 11. Ne4 Nc6 12. Qe2 Qa5 13. a3 Be7 14. b4 Qc7 15. Ng3 Bd7 16. Bd3 g5 17. h3 h5 18. Rfe1 g4 19. hxg4 hxg4 20. Nh2 Rg8 21. Rac1 a6 22. Nxg4 Qd8 23. Ne4 Rxg4 24. Qxg4 Nxe5 25. Qg8+ Bf8 26. Nd6+ Ke7 27. Nxb7 Qb8 28. Nc5 Bh6 29. Qxb8 Rxb8 30. Rcd1 Nxd3 31. Rxd3 Bb5 32. Rxd4 Rc8 33. Red1 Bg7 34. Rd6 Be5 35. Rb6 Rh8 36. g3 Bb2 37. a4 Be8 38. Rxa6 Bc3 39. Rb6 Bxb4 40. Rxb4 Bc6 41. Ne4 f5 42. Re1 Bxe4 43. Rbxe4 fxe4 44. Rxe4 Ra8 45. Kg2 Kf6 46. g4 Ra5 47. f4 Rc5 48. Kf3 Rc3+ 49. Re3 Rc4 50. Ra3 Rc6 51. a5 Ra6 52. Ke4 Kg6 53. Kd4 Kf6 54. Kc5 e5 55. Kb5 Ra8 56. fxe5+ 1-0


[Site "https://www.chess.com"]

[Event "Titled Tuesday Blitz February 22 Early 2022"]
[White "Sahin, Handenur"]
[Black "Tay, Junior"]
[WhiteFideId "6334865"]
[BlackFideId "5800439"]
[WhiteElo "2111"]
[BlackElo "2216"]
[Result "0-1"]
[Round "04"]
[TimeControl "180+1"]
[Date "2022.02.22"]
[WhiteClock "0:00:17"]
[BlackClock "0:00:29"]

1. e4 c5 2. c3 Qa5 3. Nf3 d6 4. Na3 Nf6 5. Nc4 Qc7 6. e5 dxe5 7. Ncxe5 Nbd7 8. Nxd7 Bxd7 9. d4 e6 10. Bd3 Bc6 11. O-O Bd6 12. dxc5 Bxc5 13. b4 Bd6 14. b5 Bxf3 15. Qxf3 Bxh2+ 16. Kh1 Be5 17. b6 axb6 18. Bb5+ Kf8 19. a4 h5 20. Ba3+ Kg8 21. Rad1 Qxc3 22. Rd3 Qc7 23. Rfd1 g6 24. Bd6 Bxd6 25. Qxf6 Be7 26. Qf3 Kg7 27. Rd7 Qc5 28. Qxb7 Rad8 29. Qe4 Bf6 30. Qb7 Rxd7 31. Rxd7 Qc1+ 32. Kh2 Qf4+ 33. Kg1 Rf8 34. Qxb6 h4 35. Qxe6 Bd4 36. Qe2 h3 37. g3 Qxg3+ 38. Kf1 Qg2+ 39. Ke1 h2 40. Qd3 h1=Q+ 41. Kd2 Qxf2+ 0-1


[Site "https://www.chess.com"]

[Event "Titled Tuesday Blitz February 22 Early 2022"]
[White "Samadov, Read"]
[Black "Eynullayev, Atilla"]
[WhiteFideId "13417444"]
[BlackFideId "13413570"]
[WhiteElo "2805"]
[BlackElo "2550"]
[Result "1-0"]
[Round "04"]
[TimeControl "180+1"]
[Date "2022.02.22"]
[WhiteClock "0:00:04"]
[BlackClock "0:00:03"]

1. d4 Nf6 2. c4 e6 3. Nf3 d5 4. g3 Be7 5. Bg2 O-O 6. O-O dxc4 7. Qc2 a6 8. a4 Bd7 9. Qxc4 Bc6 10. Bg5 Bd5 11. Qc2 Be4 12. Qc1 Nbd7 13. Nc3 Bg6 14. Bxf6 Nxf6 15. Rd1 c6 16. Ne5 a5 17. e4 Bb4 18. Qe3 Bh5 19. Rd2 Qc7 20. Rc1 Rac8 21. Rdc2 Qb6 22. h3 Rfd8 23. g4 Bg6 24. Ne2 Nd7 25. Nd3 e5 26. Nxb4 Qxb4 27. d5 Qxa4 28. Nc3 Qb4 29. dxc6 bxc6 30. Nd5 Qd6 31. Rxc6 Rxc6 32. Rxc6 Qb8 33. h4 f6 34. h5 Bf7 35. h6 Bxd5 36. exd5 g6 37. d6 Kf8 38. Rc7 Qb4 39. Rc6 Qxg4 40. Qa7 Qd1+ 41. Kh2 Qh5+ 42. Bh3 Qxh6 43. Qc7 Qf4+ 44. Kg1 Ke8 45. Bxd7+ Rxd7 46. Qc8+ Rd8 47. Qe6+ Kf8 48. Qe7+ Kg8 49. Qxd8+ Kg7 50. Qe7+ Kh6 51. Qf8+ Kg5 52. Rc3 h5 53. Rg3+ Kf5 54. d7 Qc1+ 55. Kg2 Qc6+ 56. Rf3+ Kg4 57. Qxf6 Qxd7 58. Rg3# 1-0


[Site "https://www.chess.com"]

[Event "Titled Tuesday Blitz February 22 Early 2022"]
[White "Samant Aditya S"]
[Black "Shohat, Yotam"]
[WhiteFideId "35080580"]
[BlackFideId "2813955"]
[WhiteElo "1916"]
[BlackElo "2119"]
[Result "0-1"]
[Round "04"]
[TimeControl "180+1"]
[Date "2022.02.22"]
[WhiteClock "0:00:04"]
[BlackClock "0:00:10"]

1. e4 c5 2. Nf3 g6 3. d4 cxd4 4. Nxd4 Nc6 5. c4 Nf6 6. Nc3 d6 7. Be2 Nxd4 8. Qxd4 Bg7 9. Be3 O-O 10. Qd2 Qa5 11. f3 Be6 12. Rc1 Rfc8 13. b3 Nd7 14. Nd5 Qd8 15. O-O Nc5 16. b4 Nd7 17. a3 a5 18. Kh1 axb4 19. axb4 Ra3 20. Bg5 Bxd5 21. cxd5 Rca8 22. Be3 h5 23. Bb5 Ne5 24. h3 Ra2 25. Qe1 R8a3 26. f4 Nd3 27. Bxd3 Rxd3 28. Rd1 Rxd1 29. Qxd1 Qc8 30. Qd3 Rc2 31. f5 Rc3 32. Qe2 Qc4 33. Re1 Qxe4 34. fxg6 fxg6 35. Bd2 Qxe2 36. Rxe2 Rc2 37. Rf2 Bd4 38. Re2 Bc3 39. Rxe7 Rxd2 40. Rxb7 Rd1+ 41. Kh2 Be5+ 42. g3 h4 43. Kg2 hxg3 44. b5 Rd2+ 45. Kg1 Bd4+ 46. Kf1 g2+ 47. Ke1 Rb2 0-1


[Site "https://www.chess.com"]